MID
CLINTON LUMBERKINGS @ BURLINGTON BEES
08/15/2048
 
TOP OF THE 1ST
Clinton LumberKings batting - Pitching for Burlington Bees : RHP Tim Mumpower
Pitching: RHP Tim Mumpower
Batting: RHB Antonio Oyola 0-0: Called Strike
0-1: Ball
1-1: Swinging Strike
1-2: Ball
2-2: Foul Ball, location: 2F
2-2: Ball
3-2: Reached on error, E5 (Groundball, 56S, EV 85.0 MPH)
Batting: RHB Ivan Davila 0-0: Ball
1-0: Swinging Strike
1-1: Called Strike
1-2: Ball
2-2: Fly out, F7 (Flyball, 78M, EV 87.5 MPH)
Batting: LHB Jason Kinney 0-0: Ball
1-0: Ball
Antonio Oyola steals 3rd base
2-0: Ball
3-0: Base on Balls
Batting: RHB Kinzo Yokoyama 0-0: Ball
1-0: Fly out, F4 (Line Drive, 4, EV 67.5 MPH)
Lined into DP, 4-3 (Line Drive, 4, EV 69.4 MPH)
Top of the 1st over - 0 runs, 0 hits, 1 error, 1 left on base; Clinton 0 - Burlington 0
BOTTOM OF THE 1ST
Burlington Bees batting - Pitching for Clinton LumberKings : RHP Steve Miles
Pitching: RHP Steve Miles
Batting: RHB Nick Lombardo 0-0: Called Strike
0-1: Foul Ball, location: 2F
0-2: Ball
1-2: Ball
2-2: Ball
3-2: Fly out, F8 (Line Drive, 8RD, EV 85.6 MPH)
Batting: LHB Dave Hicks 0-0: Ball
1-0: Fly out, F8 (Flyball, 8LD, EV 109.4 MPH)
Batting: RHB Kyler Seitz 0-0: Ground out 3-1 (Groundball, 34S, EV 75.6 MPH)
Bottom of the 1st over - 0 runs, 0 hits, 0 errors, 0 left on base; Clinton 0 - Burlington 0
TOP OF THE 2ND
Clinton LumberKings batting - Pitching for Burlington Bees : RHP Tim Mumpower
Batting: RHB Chris Skaff 0-0: Fly out, F7 (Flyball, 78D, EV 101.2 MPH)
Batting: RHB Rich Justice 0-0: Ball
1-0: Ball
2-0: Called Strike
2-1: Foul Ball, location: 2F
2-2: DOUBLE (Line Drive, 78D, EV 102.5 MPH)
Batting: SHB Raghnall Ahearne 0-0: Ball
1-0: Called Strike
1-1: Ball
2-1: Ground out 4-3 (Groundball, 4, EV 84.4 MPH)
Rich Justice to third
Batting: RHB Tze-meng Li 0-0: Called Strike
0-1: Swinging Strike
0-2: DOUBLE (Line Drive, 9LS, EV 108.8 MPH)
Rich Justice scores
Batting: RHB David Greene 0-0: Foul Ball, location: 2F
0-1: Fly out, F9 (Flyball, 9LS, EV 97.5 MPH)
Top of the 2nd over - 1 run, 2 hits, 0 errors, 1 left on base; Clinton 1 - Burlington 0
BOTTOM OF THE 2ND
Burlington Bees batting - Pitching for Clinton LumberKings : RHP Steve Miles
Batting: LHB Mutsuo IIda 0-0: Called Strike
0-1: Foul Ball, location: 2F
0-2: SINGLE (Groundball, 4MD, EV 104.4 MPH)
Batting: RHB Peter Westover 0-0: Foul Ball, location: 2F
0-1: Ball
1-1: Foul Ball, location: 2F
1-2: Ball
2-2: Foul Ball, location: 2F
2-2: Grounds into double play, 5-4-3 (Groundball, 56, EV 102.5 MPH)
Batting: RHB Ricky Mejicanos 0-0: Foul Ball, location: 2F
0-1: Ball
1-1: Foul Ball, location: 2F
1-2: Fly out, F9 (Flyball, 9, EV 89.4 MPH)
Bottom of the 2nd over - 0 runs, 1 hit, 0 errors, 0 left on base; Clinton 1 - Burlington 0
TOP OF THE 3RD
Clinton LumberKings batting - Pitching for Burlington Bees : RHP Tim Mumpower
Batting: RHB Antonio Oyola 0-0: Ground out 6-3 (Groundball, 6, EV 85.6 MPH)
Batting: RHB Ivan Davila 0-0: Swinging Strike
0-1: Ball
1-1: Swinging Strike
1-2: Strikes out looking
Batting: LHB Jason Kinney 0-0: Foul Ball, location: 2F
0-1: Ball
1-1: Ground out 3-1 (Groundball, 34S, EV 75.6 MPH)
Top of the 3rd over - 0 runs, 0 hits, 0 errors, 0 left on base; Clinton 1 - Burlington 0
BOTTOM OF THE 3RD
Burlington Bees batting - Pitching for Clinton LumberKings : RHP Steve Miles
Batting: RHB Dean LeCroy 0-0: Ball
1-0: Ball
2-0: SINGLE (Groundball, 6MD, EV 100.0 MPH)
Batting: RHB Wilford Harper 0-0: Ball
Dean LeCroy is caught stealing 2nd base 2-4
1-0: Ball
2-0: Ball
3-0: Base on Balls
Batting: SHB Tim Connell 0-0: Fly out, F8 (Flyball, 8LM, EV 90.0 MPH)
Batting: RHB Nick Lombardo 0-0: Ball
1-0: Ball
2-0: Foul Ball, location: 2F
2-1: Ball
3-1: Foul Ball, location: 2F
3-2: Strikes out swinging
Bottom of the 3rd over - 0 runs, 1 hit, 0 errors, 1 left on base; Clinton 1 - Burlington 0
TOP OF THE 4TH
Clinton LumberKings batting - Pitching for Burlington Bees : RHP Tim Mumpower
Batting: RHB Kinzo Yokoyama 0-0: Ball
1-0: Ball
2-0: Called Strike
2-1: Ball
3-1: Ground out 4-3 (Groundball, 4, EV 92.5 MPH)
Batting: RHB Chris Skaff 0-0: Foul Ball, location: 2F
0-1: Foul Ball, location: 2F
0-2: Strikes out swinging
Batting: RHB Rich Justice 0-0: Foul Ball, location: 2F
0-1: Ball
1-1: Swinging Strike
1-2: Foul Ball, location: 2F
1-2: Foul Ball, location: 2F
1-2: Ball
2-2: Ground out 1-3 (Groundball, 15S, EV 70.0 MPH)
Top of the 4th over - 0 runs, 0 hits, 0 errors, 0 left on base; Clinton 1 - Burlington 0
BOTTOM OF THE 4TH
Burlington Bees batting - Pitching for Clinton LumberKings : RHP Steve Miles
Batting: LHB Dave Hicks 0-0: Foul Ball, location: 2F
0-1: Ball
1-1: SINGLE (Line Drive, 9S, EV 91.2 MPH)
Batting: RHB Kyler Seitz 0-0: Called Strike
Dave Hicks is caught stealing 2nd base 2-4
0-1: Ball
1-1: Ball
2-1: Fly out, F8 (Flyball, 8LD, EV 94.4 MPH)
Batting: LHB Mutsuo IIda 0-0: Ball
1-0: Foul Ball, location: 2F
1-1: Ball
2-1: Foul Ball, location: 2F
2-2: Ground out 4-3 (Groundball, 4, EV 105.6 MPH)
Bottom of the 4th over - 0 runs, 1 hit, 0 errors, 0 left on base; Clinton 1 - Burlington 0
TOP OF THE 5TH
Clinton LumberKings batting - Pitching for Burlington Bees : RHP Tim Mumpower
Batting: SHB Raghnall Ahearne 0-0: Ground out 4-3 (Groundball, 4, EV 78.1 MPH)
Batting: RHB Tze-meng Li 0-0: Ball
1-0: Ground out 4-3 (Groundball, 34, EV 95.6 MPH)
Batting: RHB David Greene 0-0: Swinging Strike
0-1: Foul Ball, location: 2F
0-2: Ground out 5-3 (Groundball, 56S, EV 73.1 MPH)
Top of the 5th over - 0 runs, 0 hits, 0 errors, 0 left on base; Clinton 1 - Burlington 0
BOTTOM OF THE 5TH
Burlington Bees batting - Pitching for Clinton LumberKings : RHP Steve Miles
Batting: RHB Peter Westover 0-0: Ball
1-0: Foul Ball, location: 2F
1-1: Hit by Pitch
Batting: RHB Ricky Mejicanos 0-0: DOUBLE (Line Drive, 78D, EV 101.9 MPH)
Peter Westover to third
Batting: RHB Dean LeCroy 0-0: Ball
1-0: Ground out 5-3 (Groundball, 56, EV 90.0 MPH)
Peter Westover scores
Batting: RHB Wilford Harper 0-0: Ball
1-0: Ball
2-0: Ground out 6-3 (Groundball, 6, EV 85.0 MPH)
Ricky Mejicanos to third
Batting: SHB Tim Connell 0-0: Called Strike
0-1: Ball
1-1: Swinging Strike
1-2: Strikes out swinging
Bottom of the 5th over - 1 run, 1 hit, 0 errors, 1 left on base; Clinton 1 - Burlington 1
TOP OF THE 6TH
Clinton LumberKings batting - Pitching for Burlington Bees : RHP Tim Mumpower
Batting: RHB Antonio Oyola 0-0: Swinging Strike
0-1: Ball
1-1: Called Strike
1-2: Ball
2-2: Strikes out swinging
Batting: RHB Ivan Davila 0-0: Ball
1-0: Ball
2-0: Ball
3-0: Called Strike
3-1: Base on Balls
Batting: LHB Jason Kinney 0-0: Ball
1-0: Ball
2-0: Called Strike
2-1: Called Strike
2-2: Foul Ball, location: 2F
2-2: Strikes out looking
Batting: RHB Kinzo Yokoyama 0-0: Ball
1-0: Swinging Strike
1-1: Ball
2-1: Foul Ball, location: 2F
2-2: Ball
3-2: Base on Balls
Ivan Davila to second
Batting: RHB Chris Skaff 0-0: Called Strike
0-1: Called Strike
0-2: Ball
1-2: Foul Ball, location: 2F
1-2: Ball
Wild Pitch!
Ivan Davila to third
Kinzo Yokoyama to second
2-2: Ball
3-2: Foul Ball, location: 2F
3-2: Fly out, F3 (Popup, 3L, EV 62.5 MPH)
Top of the 6th over - 0 runs, 0 hits, 0 errors, 2 left on base; Clinton 1 - Burlington 1
BOTTOM OF THE 6TH
Burlington Bees batting - Pitching for Clinton LumberKings : RHP Steve Miles
Batting: RHB Nick Lombardo 0-0: Called Strike
0-1: Ball
1-1: Called Strike
1-2: Ball
2-2: Foul Ball, location: 2F
2-2: Ball
3-2: Strikes out swinging
Batting: LHB Dave Hicks 0-0: Called Strike
0-1: Ball
1-1: Ground out U3 (Groundball, 34S, EV 80.6 MPH)
Batting: RHB Kyler Seitz 0-0: Ball
1-0: Ball
2-0: Ball
3-0: Called Strike
3-1: Called Strike
3-2: Strikes out looking
Bottom of the 6th over - 0 runs, 0 hits, 0 errors, 0 left on base; Clinton 1 - Burlington 1
TOP OF THE 7TH
Clinton LumberKings batting - Pitching for Burlington Bees : RHP Tim Mumpower
Pitching: LHP Tyler MacLean
Batting: RHB Rich Justice 0-0: Foul Ball, location: 2F
0-1: Ball
1-1: SINGLE (Line Drive, 34, EV 103.8 MPH)
Batting: SHB Raghnall Ahearne 0-0: Bunt missed!
0-1: Bunted foul
0-2: Ball
Rich Justice steals 2nd base
1-2: Ground out 6-3 (Groundball, 6, EV 93.8 MPH)
Batting: RHB Tze-meng Li 0-0: Intentional Walk
Batting: RHB David Greene 0-0: Ball
1-0: SINGLE (Groundball, 15S, EV 66.2 MPH) (infield hit)
Rich Justice to third
Tze-meng Li to second
Batting: RHB Antonio Oyola 0-0: Foul Ball, location: 2F
0-1: Swinging Strike
0-2: Foul Ball, location: 2F
0-2: Foul Ball, location: 2F
0-2: Strikes out swinging
Batting: RHB Ivan Davila 0-0: Ball
1-0: Fly out, F9 (Line Drive, 89M, EV 100.0 MPH)
Top of the 7th over - 0 runs, 2 hits, 0 errors, 3 left on base; Clinton 1 - Burlington 1
BOTTOM OF THE 7TH
Burlington Bees batting - Pitching for Clinton LumberKings : RHP Steve Miles
Pitching: LHP Adam Schmidt
Batting: LHB Mutsuo IIda 0-0: Ball
1-0: Ball
2-0: Foul Ball, location: 2F
2-1: DOUBLE (Groundball, 3L, EV 104.4 MPH)
Pitching: RHP Lorenzo Gutierrez
Batting: RHB Peter Westover 0-0: Ball
1-0: Ball
2-0: SINGLE (Groundball, 4D, EV 101.2 MPH)
Mutsuo IIda to third
Batting: RHB Ricky Mejicanos 0-0: Called Strike
0-1: Ball
Wild Pitch!
Mutsuo IIda scores
Peter Westover to second
1-1: 2-RUN HOME RUN (Flyball, 7LD, EV 92.5 MPH), Distance : 346 ft
Batting: RHB Dean LeCroy 0-0: Ball
1-0: Foul Ball, location: 2F
1-1: Swinging Strike
1-2: Foul Ball, location: 2F
1-2: Ball
2-2: Ground out 5-3 (Groundball, 56, EV 105.6 MPH)
Batting: RHB Wilford Harper 0-0: Called Strike
0-1: SINGLE (Groundball, 4MD, EV 101.9 MPH)
Batting: SHB Tim Connell 0-0: Ball
1-0: Foul Ball, location: 2F
1-1: Swinging Strike
1-2: Ball
Wild Pitch!
Wilford Harper to second
2-2: Ball
3-2: Foul Ball, location: 2F
3-2: Foul Ball, location: 2F
3-2: Foul Ball, location: 2F
3-2: Base on Balls
Batting: RHB Nick Lombardo 0-0: Foul Ball, location: 2F
0-1: Ball
1-1: Hit by Pitch
Wilford Harper to third
Tim Connell to second
Pitching: RHP Bryce Blanksby
Batting: LHB Dave Hicks 0-0: Ball
1-0: Swinging Strike
1-1: Ball
2-1: SINGLE (Groundball, 56, EV 101.2 MPH)
Wilford Harper scores
Tim Connell to third
Nick Lombardo to second
Runner from 3rd tries for Home, throw by LF and OUT! 7-2
Batting: RHB Kyler Seitz 0-0: Called Strike
0-1: Ball
1-1: Ball
2-1: Foul Ball, location: 2F
2-2: Foul Ball, location: 2F
2-2: Ball
3-2: Base on Balls
Nick Lombardo to third
Dave Hicks to second
Batting: LHB Mutsuo IIda 0-0: Called Strike
0-1: Swinging Strike
0-2: Ball
1-2: Foul Ball, location: 2F
1-2: Foul Ball, location: 2F
1-2: Ball
2-2: SINGLE (Groundball, 4MD, EV 95.6 MPH)
Nick Lombardo scores
Dave Hicks to third
Kyler Seitz to second
Runner from 3rd tries for Home, throw by CF and OUT! 8-2
Bottom of the 7th over - 5 runs, 6 hits, 0 errors, 2 left on base; Clinton 1 - Burlington 6
TOP OF THE 8TH
Clinton LumberKings batting - Pitching for Burlington Bees : LHP Tyler MacLean
Batting: LHB Jason Kinney 0-0: Foul Ball, location: 2F
0-1: Ball
1-1: Called Strike
1-2: Ball
2-2: Foul Ball, location: 2F
2-2: Strikes out swinging
Batting: RHB Kinzo Yokoyama 0-0: Called Strike
0-1: Ball
1-1: Foul Ball, location: 2F
1-2: Foul Ball, location: 2F
1-2: Strikes out swinging
Batting: RHB Chris Skaff 0-0: Called Strike
0-1: Ball
1-1: Foul Ball, location: 2F
1-2: Ball
2-2: Fly out, F7 (Flyball, 78D, EV 98.8 MPH)
Top of the 8th over - 0 runs, 0 hits, 0 errors, 0 left on base; Clinton 1 - Burlington 6
BOTTOM OF THE 8TH
Burlington Bees batting - Pitching for Clinton LumberKings : RHP Bryce Blanksby
Batting: RHB Peter Westover 0-0: Ball
1-0: Swinging Strike
1-1: Ball
2-1: Ball
3-1: Swinging Strike
3-2: SINGLE (Groundball, 56D, EV 110.6 MPH)
Pitching: LHP Kevin Roberts
Batting: RHB Ricky Mejicanos 0-0: Foul Ball, location: 2F
0-1: Grounds into double play, 4-6-3 (Groundball, 34, EV 85.6 MPH)
Batting: RHB Dean LeCroy 0-0: Called Strike
0-1: Ball
1-1: Ball
2-1: Foul Ball, location: 2F
2-2: Ball
3-2: Base on Balls
Batting: RHB Wilford Harper 0-0: Called Strike
0-1: Ball
1-1: Ground out 4-3 (Groundball, 34, EV 90.6 MPH)
Bottom of the 8th over - 0 runs, 1 hit, 0 errors, 1 left on base; Clinton 1 - Burlington 6
TOP OF THE 9TH
Clinton LumberKings batting - Pitching for Burlington Bees : LHP Tyler MacLean
Batting: RHB Rich Justice 0-0: Ball
1-0: Ball
2-0: Ball
3-0: Base on Balls
Batting: SHB Raghnall Ahearne 0-0: Ball
1-0: Swinging Strike
1-1: Foul Ball, location: 2F
1-2: Strikes out looking
Pitching: RHP Humberto Paniagua
Batting: RHB Tze-meng Li 0-0: Called Strike
0-1: Grounds into double play, 6-4-3 (Groundball, 6, EV 103.1 MPH)
Top of the 9th over - 0 runs, 0 hits, 0 errors, 0 left on base; Clinton 1 - Burlington 6
Tuesday, March 28th , 2023 - OOTP Baseball 23.10 Build 110